 Dungeon Crawl Stone Soup version 0.30-a0-702-gdf48620a09 (webtiles) character file.

Game seed: 10734698042069975263

480 Zdeegee the Covered (level 6, -1/52 (55) HPs)
             Began as a Minotaur Fighter on Jan 21, 2023.
             Slain by a wight
             ... wielding a +3 spear
              (4 damage)
             ... on level 4 of the Dungeon.
             The game lasted 00:05:19 (2984 turns).

Zdeegee the Covered (Minotaur Fighter)              Turns: 2984, Time: 00:05:19

HP:   -1/52 (55)    AC:  9    Str: 22    XL:     6   Next: 86%
MP:   6/6           EV: 10    Int:  5    God:
Gold: 282           SH:  4    Dex: 10    Spells: 5/5 levels left

rFire   . . .      SeeInvis .    b - +2 war axe (freeze)
rCold   + . .      Faith    .    c - +0 buckler
rNeg    . . .      Spirit   .    p - +0 ring mail {rC+}
rPois   .          Reflect  .    (helmet restricted)
rElec   .          Harm     .    f - +0 cloak
rCorr   .          Rampage  .    r - +0 pair of gloves
Will    .....                    n - +0 pair of boots Stlth
                                 (no amulet)
HPRegen 0.28/turn                (no ring)
MPRegen 0.10/turn                (no ring)

@: drained
A: horns 2, retaliatory headbutt
a: no special abilities


You were on level 4 of the Dungeon.
You visited 1 branch of the dungeon, and saw 4 of its levels.

You collected 282 gold pieces.

Inventory:

Hand Weapons
 a - a +0 falchion
 b - a +2 war axe of freezing (weapon)
 l - a +0 short sword
 q - a +0 war axe
Armour
 c - a +0 buckler (worn)
 f - a +0 cloak (worn)
 i - a +0 scale mail
 n - a +0 pair of boots (worn)
 p - a +0 ring mail of cold resistance (worn)
 r - a +0 pair of gloves (worn)
Scrolls
 g - a scroll of acquirement {unknown}
 h - a scroll of noise {unknown}
 j - a scroll of teleportation {unknown}
 k - a scroll of blinking {unknown}
 m - 2 scrolls of magic mapping
 t - a scroll of immolation {unknown}
Potions
 d - a potion of might
 e - 2 potions of mutation
 o - a potion of berserk rage
 s - 2 potions of curing


   Skills:
 * Level 4.9 Fighting
 + Level 0.3(1.0) Short Blades
 + Level 1.8 Long Blades
 + Level 3.5 Axes
 * Level 5.3 Armour
 + Level 0.8 Dodging
 + Level 0.1 Stealth
 * Level 4.7 Shields
 * Level 2.1 Invocations
 * Level 2.6 Evocations


You had 5 spell levels left.
You didn't know any spells.
Your spell library contained the following spells:

 Spells                   Type           Power      Damage    Failure   Level
 Sandblast                Erth           0%         2d4       71%         1
 Passwall                 Tmut/Erth      0%         N/A       85%         2
 Stone Arrow              Conj/Erth      0%         3d7       97%         3


Dungeon Overview and Level Annotations

Branches:
Dungeon (4/15)
 Temple: D:4-7

Altars:
Nemelex Xobeh

Shops:
D:2 (!((   D:3 =


Innate Abilities, Weirdness & Mutations

You have a pair of horns on your head.
You reflexively headbutt those who attack you in melee.


Message History

The wight misses you. x2; You furiously retaliate!
You headbutt the wight! The wight closely misses you.
The wight hits you from afar with a +3 spear.
Unknown command.
You hit the wight but do no damage. You headbutt the wight.
You destroy the wight!
You closely miss the wight.
The wight hits you from afar with a +3 spear!
You feel drained.
Your life force feels restored.
Unknown command.
You are too injured to fight recklessly!
Unknown command.
You are too injured to fight recklessly!
Unknown command.
You are too injured to fight recklessly!
Unknown command.
You are too injured to fight recklessly!
Unknown command.
You are too injured to fight recklessly!
Unknown command.
You slash the wight!
You destroy the wight!
The wight hits you from afar with a +3 spear.
You feel drained.
Your life force feels restored.
The wight hits you from afar with a +3 spear!
* * * LOW HITPOINT WARNING * * *
You feel drained.
* * * LOW HITPOINT WARNING * * *
Items here: )) [[.
A wight is nearby!
A wight comes into view. It is wielding a +0 morningstar.
The wight barely misses you.
You hit the wight but do no damage.
You headbutt the wight, but do no damage.
The wight hits you with a +3 spear!
* * * LOW HITPOINT WARNING * * *
You feel drained.
You die...

#.....#.......
##.............
..............
≈≈≈≈≈.....# ...≈....#
.......≈.#####§≈§...#
.......§.#....§§z...####+
.......≈.#. #.≈@.[......
.......≈.. #.≈.).......
.......≈.#####.≈.........
.......≈.......≈..#..[...
.......≈≈≈≈.≈≈≈≈.##......
..............†..# .....
...)....#........# .....
.....############# ....
............# ....


You could see a wight.

Vanquished Creatures
  A phantom (D:4)
  A scorpion (D:4)
  2 wights (D:4)
  A hound (D:4)
  Jessica (D:3)
  An orc wizard (D:3)
  Robin (D:3)
  3 adders
  3 worms
  2 dart slugs
  12 orcs
  2 bats (D:2)
  11 endoplasms
  4 giant cockroaches
  11 goblins
  10 hobgoblins
  2 jackals (D:3)
  11 kobolds
  3 quokkas
  4 ball pythons
  2 frilled lizards
  6 rats
  A spectral kobold (D:2)
95 creatures vanquished.

Notes
Turn   | Place    | Note
-------+----------+-------------------------------------------
     0 | D:1      | Zdeegee the Minotaur Fighter began the quest for the Orb.
     0 | D:1      | Reached XP level 1. HP: 19/19 MP: 0/0
   106 | D:1      | Reached XP level 2. HP: 27/27 MP: 1/1
   350 | D:1      | Reached skill level 4 in Armour
   504 | D:1      | Reached skill level 1 in Invocations
   504 | D:1      | Reached XP level 3. HP: 31/33 MP: 2/2
   893 | D:2      | Found a sparkling altar of Nemelex Xobeh.
   951 | D:2      | Found Waonn's Weapon Boutique.
  1034 | D:2      | Found Foqock's Weapon Boutique.
  1107 | D:2      | Reached XP level 4. HP: 40/40 MP: 4/4
  1317 | D:2      | Found a faded altar of an unknown god.
  1399 | D:2      | Found Juhiskagg's Distillery.
  1577 | D:2      | Found Qicuo's Antique Weapon Shop.
  1802 | D:3      | Found Xefeopp's One-of-a-Kind Rings.
  1852 | D:3      | Noticed Robin
  1862 | D:3      | Killed Robin
  1945 | D:3      | Reached skill level 1 in Evocations
  1945 | D:3      | Reached XP level 5. HP: 35/47 MP: 5/5
  2022 | D:3      | Noticed Jessica
  2030 | D:3      | Killed Jessica
  2799 | D:4      | Noticed a phantom
  2808 | D:4      | Killed a phantom
  2809 | D:4      | Reached skill level 1 in Long Blades
  2809 | D:4      | Reached XP level 6. HP: 52/53 MP: 6/6
  2857 | D:4      | Reached skill level 5 in Armour
  2984 | D:4      | Slain by a wight

Illustrated notes

Levels and vault maps discovered:
D:1:      zelgadis_glass_arrival_small, layout_loops_cross, chequers_avenue,
          minmay_strange_pillars, minivault_27,
          wander_ebering_terrifying_dragon_lair
D:2:      layout_loops_corners, serial_rivers, chequers_serial_rivers_large_a,
          chequers_serial_rivers_micro_c, chequers_serial_rivers_small_b,
          chequers_serial_rivers_micro_e, chequers_serial_rivers_small_3,
          chequers_serial_rivers_room_a, basic_altar, serial_shops,
          nicolae_shop_bloodbath_and_beyond, nicolae_shop_waterfront,
          nicolae_shop_trees, nicolae_shop_waterfront,
          dreamdust_ecumenical_altar_drowned_temple
D:3:      layout_loops_corners, nicolae_shop_unique_rings, patterned_corridor,
          uniq_robin, uniq_jessica
D:4:      layout_basic, mainiacjoe_overflow_brackets, lemuel_doored_altar,
          minmay_temple_entry_mist

Skill      XL: |  1  2  3  4  5  6 |
---------------+-------------------+-----
Fighting       | 4 |  4.9
Armour         | 4 5 |  5.3
Invocations    | 1 2 |  2.1
Axes           | 3 |  3.5
Shields        | 4 |  4.7
Evocations     | 1 2 |  2.6
Long Blades    | 1 |  1.8
Short Blades   | |  0.3
Dodging        | |  0.8
Stealth        | |  0.1

Action                   |  1- 3 |  4- 6 || total
-------------------------+-------+-------++-------
Melee: War axe           |    67 |    13 ||    80
       Headbutt          |     7 |    30 ||    37
       Falchion          |       |   104 ||   104
       Short sword       |       |    21 ||    21
  Use: Scroll            |       |     4 ||     4
Armor: Scale mail        |    26 |     5 ||    31
       Ring mail         |       |    55 ||    55
Dodge: Dodged            |    29 |    58 ||    87
Block: Buckler           |    13 |    30 ||    43

Table legend: (Time is in decaauts)
 A = Elapsed time spent in this place.
 B = Non-inter-level travel time spent in this place.
 C = Inter-level travel time spent in this place.
 D = Time resting spent in this place.
 E = Time spent auto-exploring this place.
 F = Levels seen in this place.
 G = Mean time per level.
                   A        B        C        D        E       F      G
               +--------+--------+--------+--------+--------+-----+--------+
         Total |   3071 |   2998 |     73 |      0 |   2431 |   4 |  767.8 |
       Dungeon |   3071 |   2998 |     73 |      0 |   2431 |   4 |  767.8 |
               +--------+--------+--------+--------+--------+-----+--------+

Top non-repeatable levels by time:
     D:3: 1114 daAuts
     D:2: 949 daAuts
     D:1: 786 daAuts
     D:4: 220 daAuts
